Map: Blueshift LE

Players

Lambo - Winner!

  • Race: Zerg Zerg
  • League: Grandmaster
  • Spawn Location: 7:00

llllllllllll

  • Race: Terran Terran
  • Spawn Location: 1:00

VOD

Have the link to the VOD?

Description

Time

  • Played on: Nov. 20, 2018, 7:53 a.m.
  • Length: 17:49
Show
View Real Time Build Order
Export as new Build Order

Lambo Zerg - Winner!

Build Orders: Hatch First 

Get SALT Encoding   

  12  0:01  Drone  
  13  0:13  Overlord  
  13  0:17  Drone  
  14  0:31  Drone x2  
  16  0:47  Hatchery  
  15  0:51  Drone  
  15  0:55  Drone  
  17  0:57  Drone  
  18  1:08  Extractor  
  17  1:13  Spawning Pool  
  17  1:15  Drone  
  17  1:19  Drone  
  18  1:29  Drone  
  19  1:39  Drone  
  20  1:51  Overlord  
  20  1:59  Queen x2  
  20  2:00  Zergling x4  
  26  2:08  Metabolic Boost  
  26  2:11  Drone  
  26  2:12  Drone  
  28  2:22  Drone  
  29  2:29  Drone  
  30  2:38  Hatchery  
  30  2:40  Extractor  
  27  2:44  Drone  
  27  2:48  Queen  
  31  2:56  Overlord, Drone  
  32  2:59  Drone x2  
  32  3:04  Drone  
  35  3:14  Drone  
  35  3:15  Drone  
  35  3:16  Drone  
  35  3:17  Overlord, Drone  
  39  3:20  Drone  
  39  3:24  Queen  
  39  3:25  Drone  
  43  3:35  Queen  
  45  3:43  Drone  
  45  3:44  Drone  
  47  3:49  Zergling x8  
  47  3:50  Queen  
  47  3:52  Drone x2  
  47  3:54  Overlord  
  55  3:59  Drone x2  
  55  4:00  Overlord  
  57  4:09  Evolution Chamber  
  56  4:10  Evolution Chamber  
  56  4:13  Overlord  
  56  4:16  Drone x4  
  57  4:18  Drone  
  57  4:23  Drone x3  
  60  4:25  Drone  
  60  4:33  Drone  
  60  4:34  Spore Crawler x2  
  60  4:36  Spore Crawler  
  57  4:39  Drone x3  
  57  4:40  Drone  
  57  4:41  Drone  
  57  4:44  Drone  
  62  4:46  Drone  
  62  4:50  Zerg Ground Armor Level 1  
  63  4:55  Drone x2  
  63  4:57  Zerg Melee Weapons Level 1  
  63  4:59  Drone x2  
  67  5:04  Drone x3  
  70  5:07  Extractor  
  70  5:09  Overlord  
  70  5:10  Drone  
  70  5:12  Overlord  
  69  5:16  Lair  
  69  5:17  Extractor, Drone  
  69  5:19  Drone x2  
  69  5:20  Drone  
  72  5:22  Drone  
  72  5:24  Drone  
  72  5:26  Overlord  
  74  5:29  Extractor  
  74  5:30  Baneling Nest, Drone x2  
  74  5:32  Drone  
  74  5:33  Drone  
  74  5:34  Drone  
  76  5:35  Drone  
  76  5:36  Drone  
  76  5:41  Drone  
  79  5:45  Drone  
  79  5:48  Drone x2  
  79  5:49  Overlord  
  82  5:51  Drone x4  
  82  5:54  Extractor  
  82  5:56  Drone x2  
  87  6:03  Extractor  
  86  6:08  Hatchery  
  86  6:10  Overlord  
  85  6:13  Zergling x2  
  85  6:14  Zergling x8  
  85  6:18  Overlord  
  89  6:20  Overseer  
  89  6:21  Centrifical Hooks  
  89  6:24  Zergling x16  
  97  6:33  Overlord  
  97  6:44  Drone  
  97  6:45  Zerg Ground Armor Level 2, Drone  
  97  6:46  Zergling x18  
  104  6:47  Baneling x5  
  104  6:52  Pneumatized Carapace  
  100  7:02  Zergling x14  
  100  7:06  Zergling x2  
  100  7:07  Queen  
  109  7:12  Zergling x8  
  108  7:16  Zergling x8  
  108  7:21  Zergling x6  
  100  7:24  Zerg Melee Weapons Level 2  
  100  7:25  Zergling x8  
  100  7:30  Zergling x2  
  100  7:31  Baneling x6  
  100  7:32  Queen, Overseer  
  100  7:37  Zergling x6  
  106  7:41  Zergling x8  
  110  7:45  Zergling x8  
  110  7:50  Zergling x10  
  114  7:55  Zergling x2, Hydralisk Den  
  114  7:57  Baneling x5  
  114  8:03  Zergling x6  
  114  8:05  Drone  
  118  8:10  Zergling x4  
  120  8:17  Overlord  
  120  8:18  Overlord  
  120  8:19  Overlord  
  116  8:20  Overlord  
  116  8:21  Overlord  
  116  8:23  Overlord  
  112  8:27  Drone x6  
  112  8:28  Infestation Pit  
  117  8:35  Hydralisk x3  
  123  8:41  Hydralisk x4  
  123  8:45  Hydralisk  
  123  8:47  Hydralisk x2  
  123  8:48  Hydralisk  
  139  8:54  Hydralisk x3  
  141  9:01  Hydralisk  
  141  9:02  Hydralisk x2  
  146  9:07  Hive  
  144  9:18  Zergling x18  
  144  9:22  Drone x4  
  155  9:38  Muscular Augments  
  155  9:40  Zerg Missile Weapons Level 1  
  155  9:41  Hydralisk x4, Zergling x4  
  155  9:42  Zergling x2  
  162  10:01  Extractor  
  158  10:08  Hatchery  
  152  10:17  Zergling x32  
  166  10:33  Zergling x2  
  166  10:34  Baneling x5  
  166  10:35  Overlord x2  
  167  10:37  Zerg Ground Armor Level 3  
  167  10:38  Overlord  
  167  10:39  Overlord, Ultralisk Cavern  
  167  10:41  Baneling x11  
  166  10:45  Overlord  
  166  10:46  Overlord  
  166  10:47  Overlord  
  166  10:50  Grooved Spines  
  166  10:53  Queen  
  168  10:57  Drone x3  
  168  10:58  Viper  
  173  11:06  Viper x2  
  173  11:07  Viper  
  173  11:08  Viper  
  173  11:10  Zergling x2  
  173  11:11  Zergling x6  
  183  11:14  Zergling x6  
  186  11:24  Zergling x16  
  194  11:26  Baneling x5  
  194  11:30  Zergling x6  
  194  11:36  Baneling x11  
  194  11:37  Zergling x2  
  195  11:44  Zergling x12  
  198  11:50  Overseer  
  198  11:52  Chitinous Plating  
  197  11:54  Zergling x8  
  197  12:00  Spore Crawler x2  
  197  12:04  Zerg Melee Weapons Level 3  
  197  12:13  Zergling x14  
  195  12:20  Zergling x12  
  193  12:28  Zergling x10  
  176  12:44  Ultralisk  
  176  12:50  Ultralisk  
  188  12:56  Overlord  
  175  13:06  Zergling x32  
  189  13:15  Baneling x7  
  189  13:23  Drone  
  189  13:25  Spore Crawler  
  189  13:27  Spore Crawler  
  189  13:29  Drone x8  
  189  13:32  Drone x4  
  200  13:34  Baneling x6  
  200  13:39  Zergling x2  
  200  13:40  Zergling x6  
  198  13:41  Zerg Missile Weapons Level 2  
  198  13:46  Anabolic Synthesis  
  195  13:51  Zergling x10  
  200  14:08  Zergling x2  
  200  14:09  Zergling x2  
  193  14:13  Zergling x36  
  193  14:16  Ultralisk, Zergling x2  
  190  14:22  Ultralisk  
  182  14:33  Zergling x18  
  182  14:34  Baneling x4  
  182  14:35  Baneling  
  182  14:37  Baneling x5  
  191  14:42  Drone x4  
  191  14:45  Baneling x6  
  189  14:55  Hatchery  
  189  14:57  Baneling x8  
  188  15:04  Ultralisk  
  194  15:17  Unknown x2  
  194  15:19  Zergling x14  
  194  15:20  Zergling x12  
  189  15:27  Viper  
  189  15:29  Baneling x4  
  186  15:41  Zergling x12  
  187  15:44  Overseer x2  
  187  15:55  Drone  
  187  15:56  Drone  
  189  15:57  Hatchery  
  189  15:58  Drone x2  
  189  15:59  Drone  
  191  16:08  Hatchery  
  191  16:09  Zergling x16  
  190  16:17  Ultralisk, Zergling x2  
  177  16:23  Drone  
  170  16:26  Zergling x14  
  170  16:27  Zergling x2  
  172  16:36  Infestor x2  
  169  16:41  Zergling x12  
  175  16:48  Zergling x14  
  175  16:51  Hydralisk  
  175  16:55  Hydralisk x2  
  175  17:00  Zergling x8  
  183  17:05  Baneling x9  
  183  17:07  Hydralisk x2  
  183  17:08  Zergling x2  
  184  17:13  Unknown  
  184  17:15  Unknown  
  175  17:17  Zergling x18  
  173  17:26  Zergling x10  
  184  17:31  Drone x4  
Show
View Real Time Build Order
Export as new Build Order

llllllllllll Terran 

Build Orders: Reaper Expand, Banshee Rush 

Get SALT Encoding   

  12  0:00  SCV  
  13  0:12  SCV  
  14  0:17  Supply Depot  
  14  0:24  SCV  
  15  0:38  SCV  
  15  0:40  Barracks  
  16  0:43  Refinery  
  16  0:50  SCV  
  17  1:02  SCV  
  18  1:15  SCV  
  19  1:27  Reaper, Orbital Command  
  20  1:38  Command Center  
  20  1:50  Supply Depot  
  20  1:52  SCV  
  21  1:59  Marine  
  22  2:04  Factory  
  22  2:06  SCV  
  23  2:10  Refinery  
  23  2:18  SCV  
  23  2:21  Barracks Reactor  
  24  2:30  SCV  
  25  2:42  SCV  
  26  2:54  SCV  
  26  2:55  Starport  
  26  2:57  Orbital Command  
  27  3:03  Hellion x2  
  31  3:06  SCV  
  31  3:08  Barracks Tech Lab  
  32  3:18  SCV  
  33  3:24  SCV, Hellion x2  
  38  3:28  Supply Depot  
  38  3:30  SCV  
  39  3:36  SCV  
  39  3:39  Cloaking Field, Banshee  
  43  3:44  SCV  
  46  3:49  SCV  
  46  3:51  Barracks Tech Lab  
  45  3:58  Barracks, SCV  
  45  3:59  Barracks  
  45  4:01  Factory Reactor, SCV  
  47  4:06  Supply Depot  
  47  4:10  SCV  
  47  4:12  Marine  
  47  4:13  SCV  
  50  4:22  SCV  
  50  4:23  Stimpack  
  51  4:26  SCV  
  51  4:29  Engineering Bay x2  
  50  4:32  Marine, Refinery x2  
  50  4:33  Supply Depot  
  50  4:34  SCV  
  50  4:42  SCV  
  50  4:44  Banshee  
  50  4:46  Marine x2  
  50  4:49  SCV  
  53  4:55  Marine x2  
  53  4:56  Marine  
  53  4:57  Supply Depot x2  
  53  4:58  SCV  
  57  5:01  Terran Infantry Weapons Level 1  
  57  5:02  Terran Infantry Armor Level 1  
  57  5:05  SCV  
  58  5:10  SCV  
  58  5:12  Marine x2  
  61  5:14  Marine  
  61  5:15  Marine  
  61  5:16  Marine  
  61  5:17  SCV  
  65  5:24  SCV  
  66  5:29  Marine  
  66  5:30  Marine  
  66  5:32  Marine  
  66  5:33  Siege Tank  
  72  5:35  Starport Reactor  
  72  5:37  Command Center  
  72  5:38  Marine  
  72  5:41  Marine  
  74  5:47  Marine  
  75  5:51  Marine x2  
  75  5:56  Marine  
  78  5:58  Barracks, SCV x2, Supply Depot  
  78  5:59  Barracks  
  78  6:01  Marine  
  81  6:05  Marine, Siege Tank  
  85  6:17  Supply Depot  
  85  6:20  Marine x3  
  85  6:21  Medivac x2  
  92  6:25  Armory  
  92  6:35  Marine  
  92  6:36  Marine  
  92  6:38  Marine  
  92  6:39  Siege Tank  
  97  6:44  Marine x2  
  97  6:45  SCV x2  
  101  6:51  Marine  
  101  6:52  Marine  
  101  6:53  Marine  
  104  7:00  Medivac x2  
  108  7:01  Marine  
  108  7:04  Marine x3  
  109  7:09  Marine  
  109  7:10  Marine  
  109  7:11  Marine  
  102  7:19  Marine, SCV  
  102  7:21  Marine  
  102  7:22  Marine x2  
  87  7:27  Marine x2  
  87  7:28  SCV  
  87  7:29  Marine  
  90  7:31  SCV, Orbital Command  
  91  7:37  Marine, Terran Infantry Armor Level 2  
  91  7:39  Marine x3  
  91  7:43  Terran Infantry Weapons Level 2  
  95  7:45  Marine x2  
  95  7:46  Liberator x2  
  95  7:47  Marine  
  94  7:52  SCV x2  
  94  7:55  Marine  
  94  7:57  Marine x3  
  94  7:58  SCV  
  101  8:04  Marine, SCV  
  111  8:09  Siege Tank  
  111  8:10  SCV  
  111  8:12  SCV, Supply Depot, Barracks Reactor  
  115  8:13  Marine, Barracks Reactor  
  115  8:18  Supply Depot  
  115  8:25  Marine x2, SCV  
  117  8:32  Supply Depot x2  
  117  8:33  Supply Depot  
  117  8:36  Supply Depot  
  117  8:45  Combat Shield  
  117  8:52  Marine  
  117  8:53  Marine x5, SCV x3, Medivac x2  
  125  9:01  Marine x3  
  128  9:08  Siege Tank  
  128  9:09  SCV  
  128  9:10  Marine, SCV x2  
  128  9:11  Marine x5  
  128  9:12  Command Center  
  135  9:20  Supply Depot  
  135  9:24  Marine  
  135  9:30  Marine x7  
  142  9:34  Refinery  
  142  9:35  Terran Vehicle Weapons Level 1  
  142  9:36  Supply Depot  
  142  9:37  Supply Depot, Medivac x2  
  146  9:40  Siege Tank  
  146  9:42  Marine x2  
  146  9:43  Supply Depot  
  151  9:47  Marine  
  151  9:48  Marine x3  
  151  9:51  Marine x2  
  157  9:55  Supply Depot  
  157  9:57  Marine  
  158  10:00  Marine  
  158  10:02  Marine  
  158  10:05  Marine  
  158  10:06  Terran Infantry Weapons Level 3  
  159  10:07  Marine  
  159  10:13  Siege Tank  
  163  10:14  Marine  
  163  10:15  Marine  
  162  10:29  Marine x6  
  162  10:30  Command Center  
  162  10:33  Marauder  
  170  10:38  Terran Infantry Armor Level 3  
  170  10:43  Marine  
  170  10:45  SCV, Bunker  
  170  10:46  SCV  
  170  10:47  SCV  
  174  10:51  Planetary Fortress  
  174  11:04  Medivac x2  
  174  11:06  Siege Tank  
  174  11:09  Marine  
  182  11:20  Marine x8  
  190  11:26  Barracks  
  190  11:27  Marine, Barracks  
  191  11:37  Marine  
  191  11:38  Terran Vehicle Weapons Level 2  
  192  11:41  Marine x5  
  192  11:46  Sensor Tower  
  197  11:50  Supply Depot x2  
  194  12:00  Siege Tank  
  197  12:02  Marine  
  197  12:03  Marauder  
  197  12:04  Factory  
  182  12:19  Marine  
  182  12:20  Marine x7  
  182  12:24  Marauder  
  182  12:28  Medivac x2  
  173  12:31  Marine x2  
  163  12:37  Marine  
  163  12:38  Marine, Siege Tank  
  163  12:40  Marine  
  163  12:41  Marine x5  
  163  12:43  Command Center  
  174  12:46  Marauder  
  174  12:49  Marine x2  
  178  12:55  Marine x2, Factory Tech Lab  
  181  12:58  Marine x2  
  181  12:59  Marine x3, Planetary Fortress  
  181  13:00  SCV  
  182  13:07  Marauder  
  184  13:13  Marine  
  184  13:17  Supply Depot  
  185  13:26  Siege Tank x2  
  191  13:27  Marine, Barracks Tech Lab  
  191  13:28  Marine, Marauder, Barracks Tech Lab  
  195  13:35  Marine  
  195  13:36  Marine x4  
  195  13:39  Marine  
  200  13:57  Refinery  
  200  13:58  Refinery  
  200  13:59  Sensor Tower, Starport  
  200  14:00  Starport  
  200  14:03  Command Center  
  193  14:11  Marauder  
  178  14:19  Marauder  
  178  14:22  Marine x2, Marauder  
  160  14:27  Siege Tank  
  160  14:31  Command Center  
  163  14:33  Marine  
  163  14:34  Marine x5, Marauder  
  165  14:39  Marine  
  165  14:40  Marine  
  165  14:41  Marauder  
  165  14:43  Marine  
  170  14:51  Marine x2  
  170  14:52  Marine x3  
  171  14:56  Marine, Marauder  
  174  15:01  Marine x3, Siege Tank x2  
  174  15:02  Marauder  
  185  15:09  Marine x4  
  180  15:27  Marine x3  
  180  15:28  Marine, Marauder x2  
  184  15:29  Planetary Fortress  
  184  15:33  Siege Tank x2  
  184  15:34  Marine  
  193  15:43  Marine x3  
  193  15:45  Marine x3  
  193  15:49  Marine  
  200  15:53  Starport Reactor, Starport Tech Lab  
  143  16:19  Marine  
  143  16:20  Marauder x2  
  143  16:21  Marine x2  
  143  16:22  Marine x5  
  143  16:23  Marauder  
  143  16:24  Siege Tank  
  147  16:41  Marauder  
  147  16:43  Marine x6, Marauder  
  147  16:44  Marauder  
  158  16:49  Medivac x2  
  157  16:56  Marine  
  157  16:57  Marine  
  157  17:01  Marine x6  
  160  17:03  Marauder  
  160  17:05  Marine, Marauder  
  167  17:14  Marine  
  147  17:18  Marine  
  122  17:24  Marine x6  
  138  17:31  Marine  
  137  17:47  Unknown x2  
Tags
 
Add a new tag
Caveats
  • Supply blocks, unpowered buildings, or Contaminate may cause inaccurate times.
  • Supply counts are checked every 10 seconds.